 Dungeon Crawl Stone Soup version 0.29-a0-1016-g236c7fd91e (webtiles) character file.

Game seed: 1704755818897265316

780 roflturtle the Arsonist (level 7, -1/36 HPs)
             Began as a Tengu Fire Elementalist on Aug 9, 2022.
             Slain by an ogre
             ... wielding a +0 giant club
              (17 damage)
             ... on level 5 of the Dungeon.
             The game lasted 00:15:56 (5386 turns).

roflturtle the Arsonist (Tengu Fire Elementalist)   Turns: 5386, Time: 00:15:57

Health: -1/36      AC:  2    Str:  9    XL:     7   Next: 85%
Magic:  1/14       EV: 14    Int: 17    God:
Gold:   234        SH:  0    Dex: 14    Spells: 4/14 levels left

rFire   . . .      SeeInvis .   g - +0 dagger
rCold   . . .      Faith    .   (no shield)
rNeg    . . .      Spirit   .   a - +0 robe
rPois   +          Reflect  .   p - +0 hat
rElec   .          Harm     .   (no cloak)
rCorr   .          Rampage  .   (no gloves)
Will    +....                   (boots unavailable)
Stlth   ++........              (no amulet)
HPRegen 0.12/turn               c - ring of poison resistance
MPRegen 0.14/turn               s - ring of willpower

@: flying quickly and evasively, quick
A: beak, talons 3, nimble flight
a: no special abilities


You were on level 5 of the Dungeon.
You visited 1 branch of the dungeon, and saw 5 of its levels.

You collected 234 gold pieces.

Inventory:

Hand Weapons
 g - a +0 dagger (weapon)
 o - a +0 short sword of draining
 v - a +2 dagger of distortion
 F - a +2 flail of holy wrath
Armour
 a - a +0 robe (worn)
 p - a +0 hat (worn)
Jewellery
 c - a ring of poison resistance (left hand)
 d - a ring of protection from fire
 s - a ring of willpower (right hand)
 A - a ring of ice
Wands
 E - a wand of flame (13)
 G - a wand of iceblast (9)
Scrolls
 f - a scroll of torment {unknown}
 i - 2 scrolls of immolation {unknown}
 l - a scroll of identify
 n - a scroll of blinking {unknown}
 q - 3 scrolls of amnesia {unknown}
 r - a scroll of fog {unknown}
 t - 2 scrolls of vulnerability {unknown}
 w - a scroll of magic mapping {unknown}
 x - 2 scrolls of teleportation {unknown}
 y - a scroll of fear {unknown}
 z - 2 scrolls of enchant armour {unknown}
 B - a scroll of enchant weapon {unknown}
 D - a scroll of poison {unknown}
Potions
 b - a potion of magic
 e - 2 potions of heal wounds
 h - 2 potions of cancellation
 j - 2 potions of invisibility
 k - 3 potions of mutation
 m - 2 potions of ambrosia
 u - 3 potions of curing


   Skills:
 - Level 2.1 Dodging
 - Level 2.0 Stealth
 - Level 4.3 Spellcasting
 - Level 3.3 Conjurations
 + Level 8.2 Fire Magic


You had 4 spell levels left.
You knew the following spells:

 Your Spells              Type           Power      Damage    Failure   Level
a - Foxfire               Conj/Fire      92%        2x1d8     1%          1
b - Scorch                Fire           62%        2d8       1%          2
c - Inner Flame           Hex/Fire       17%        N/A       9%          3
d - Flame Wave            Conj/Fire      23%        2d8       14%         4

Your spell library contained the following spells:

 Spells                   Type           Power      Damage    Failure   Level
 Conjure Flame            Conj/Fire      23%        6-21      4%          3
 Sandblast                Erth           6%         2d5       16%         1
 Passwall                 Tmut/Erth      2%         N/A       22%         2
 Stone Arrow              Conj/Erth      18%        3d8       22%         3


Dungeon Overview and Level Annotations

Branches:
Dungeon (5/15)
 Temple: D:4-7

Altars:
Cheibriados
Dithmenos
Fedhas
Kikubaaqudgha

Annotations:
D:5 3 runed translucent doors, drpainis's ghost, novice SpEn


Innate Abilities, Weirdness & Mutations

You have a beak for a mouth.
You have claws for feet.
Your magical nature lets you fly swiftly and evasively.


Message History

An ogre comes into view. It is wielding a +0 giant club.
The hound bites you.
A wave of flame ripples out!
The flame wave engulfs the hound.
You kill the hound!
The flame wave engulfs the scorpion.
The scorpion is lightly wounded.
You finish channelling waves of flame.
Found 15 gold pieces.
The centaur wields a +3 shortbow.
The centaur shoots an arrow.
The arrow misses you. The scorpion stings you.
Found 6 stones.
The scorpion attacks as you move away! The scorpion barely misses you.
Found a scroll labelled JOIXZO WUTOT and 10 gold pieces.
The scorpion attacks as you move away!
The scorpion stings you but does no damage.
The scorpion attacks as you move away! The scorpion barely misses you.
The centaur shoots an arrow.
The arrow misses you.
You hear a shout!
Casting: Flame Wave (quite dangerous; 16% risk of failure)
Confirm with . or Enter, or press ? or * to list all spells.
Flames lash the centaur.
The centaur is severely wounded.
The centaur's fire resistance burns away.
The scorpion stings you but does no damage.
The scorpion attacks as you move away! The scorpion stings you.
The scorpion misses you.
Casting: Scorch (safe; 1% risk of failure)
Confirm with . or Enter, or press ? or * to list all spells.
Flames lash the centaur.
The centaur is burned terribly!
You kill the centaur!
The scorpion completely misses you.
Your Fire Magic skill increases to level 8!
The scorpion attacks as you move away! The scorpion closely misses you.
The scorpion attacks as you move away! The scorpion closely misses you.
The scorpion attacks as you move away! The scorpion barely misses you.
The scorpion stings you.
The ogre shouts!
The scorpion attacks as you move away! The scorpion stings you.
The scorpion attacks as you move away! The scorpion completely misses you.
The ogre hits you with a +0 giant club!
You die...

#.....###.......#
#...#.#?#.).....#
...
#+.....'##...#####
..#...##'##.†.#..#
....#.#.. #.#....#
......#. #)###..##
#.....#$ #.#.....#
#...#####...#...#
+..@O.'##..#.# ##
#s###.#$# ##.#
#..###..#..### #
#...#.#.#.
#...#...#. .# ###
###### ##


You could see an ogre and a scorpion.

Vanquished Creatures
  An ogre (D:5)
  2 centaurs (D:5)
  2 necrophages
  2 hounds
  An orc priest (D:5)
  3 iguanas
  A gnoll bouda (D:5)
  Ijyb (D:5)
  An orc wizard (D:5)
  4 gnolls
  5 adders
  A shadow imp (D:5)
  A worm (D:2)
  13 orcs
  2 ball pythons
  4 endoplasms
  A giant cockroach (D:1)
  3 goblins
  4 hobgoblins
  7 jackals
  10 kobolds
  5 quokkas
  3 bats
  3 frilled lizards
  4 rats
84 creatures vanquished.

Vanquished Creatures (others)
  293 foxfires
293 creatures vanquished.

Grand Total: 377 creatures vanquished

Notes
Turn   | Place    | Note
-------+----------+-------------------------------------------
     0 | D:1      | roflturtle the Tengu Fire Elementalist began the quest for
                  | the Orb.
     0 | D:1      | Reached XP level 1. HP: 10/10 MP: 4/4
   475 | D:1      | Reached XP level 2. HP: 15/15 MP: 1/6
   858 | D:1      | Reached XP level 3. HP: 19/19 MP: 2/7
   863 | D:1      | Learned a level 2 spell: Scorch
   867 | D:1      | Learned a level 3 spell: Inner Flame
  1331 | D:2      | Reached skill level 4 in Fire Magic
  2117 | D:3      | Reached XP level 4. HP: 24/24 MP: 4/8
  2282 | D:3      | Found a blossoming altar of Fedhas.
  2282 | D:3      | Found a snail-covered altar of Cheibriados.
  2306 | D:3      | Found a shadowy altar of Dithmenos.
  2306 | D:3      | Found an ancient bone altar of Kikubaaqudgha.
  3111 | D:4      | Noticed a necrophage
  3246 | D:4      | Gained mutation: Your magical nature lets you fly swiftly
                  | and evasively. [Tengu growth]
  3246 | D:4      | Reached XP level 5. HP: 27/28 MP: 6/11
  3366 | D:4      | Learned a level 4 spell: Flame Wave
  3594 | D:4      | Reached XP level 6. HP: 17/32 MP: 6/13
  3905 | D:5      | Entered Level 5 of the Dungeon
  3917 | D:5      | Noticed Ijyb
  4234 | D:5      | Killed Ijyb
  4235 | D:5      | Reached skill level 5 in Fire Magic
  4508 | D:5      | Reached skill level 6 in Fire Magic
  4704 | D:5      | Reached XP level 7. HP: 36/36 MP: 10/14
  4891 | D:5      | Found a runed translucent gate.
  4891 | D:5      | Found a runed translucent gate.
  4891 | D:5      | Found a runed translucent gate.
  4917 | D:5      | Reached skill level 7 in Fire Magic
  5052 | D:5      | Noticed drpainis's ghost (novice SpEn)
  5375 | D:5      | Reached skill level 8 in Fire Magic
  5386 | D:5      | Slain by an ogre

Illustrated notes

Levels and vault maps discovered:
D:1:      lightli_arrival_noodles, layout_basic
D:2:      layout_basic
D:3:      layout_basic, grunt_temple_overflow_open, corexii_hall_statues_x,
          chequers_serial_rivers_small_b, guppyfry_early_lair_pool
D:4:      layout_rooms
D:5:      layout_basic, gammafunk_ghost_icy, minmay_fractal_squares_diagonal_5,
          uniq_ijyb

Skill      XL: |  1  2  3  4  5  6  7 |
---------------+----------------------+-----
Conjurations   | 3 |  3.3
Fire Magic     | 4 6 8 |  8.2
Spellcasting   | 3 4 |  4.3
Dodging        | |  2.1
Stealth        | |  2.0

Action                   |  1- 3 |  4- 6 |  7- 9 || total
-------------------------+-------+-------+-------++-------
Melee: Dagger            |    28 |    11 |     6 ||    45
       Peck              |     5 |       |       ||     5
       Kick              |     3 |     1 |     1 ||     5
       Punch             |     1 |       |       ||     1
 Cast: Foxfire           |    49 |    90 |    34 ||   173
       Scorch            |     2 |     6 |     9 ||    17
       Flame Wave        |       |       |     1 ||     1
  Use: Scroll            |       |     4 |     3 ||     7
Armor: Robe              |     7 |     2 |     3 ||    12
Dodge: Dodged            |    22 |    11 |    20 ||    53

Table legend: (Time is in decaauts)
 A = Elapsed time spent in this place.
 B = Non-inter-level travel time spent in this place.
 C = Inter-level travel time spent in this place.
 D = Time resting spent in this place.
 E = Time spent auto-exploring this place.
 F = Levels seen in this place.
 G = Mean time per level.
                   A        B        C        D        E       F      G
               +--------+--------+--------+--------+--------+-----+--------+
         Total |   5318 |   5174 |    144 |    539 |   3948 |   5 | 1063.6 |
       Dungeon |   5318 |   5174 |    144 |    539 |   3948 |   5 | 1063.6 |
               +--------+--------+--------+--------+--------+-----+--------+

Top non-repeatable levels by time:
     D:4: 1312 daAuts
     D:1: 1278 daAuts
     D:3: 1100 daAuts
     D:5: 845 daAuts
     D:2: 780 daAuts
